Map: Ruins of Seras

Players

Paladin

  • Race: Protoss Protoss
  • League: Diamond

CrimsonLotus - Winner!

  • Race: Terran Terran
  • League: Master

VOD

Have the link to the VOD?

Description

I have today against a Terran who has scouted played on a 4p Map and not even know exactly where I am why ?? He also knew exactly where I positioned my unids

Time

  • Played on: Dec. 11, 2015, 2:06 p.m.
  • Length: 11:22
Show
View Real Time Build Order
Export as new Build Order

Paladin Protoss 

Build Orders: 1 Gate Expand, Phoenix Opening 

Get SALT Encoding   

  12  0:01  Probe (Chrono Boost)  
  13  0:12  Probe (Chrono Boost)  
  14  0:19  Pylon  
  14  0:23  Probe (Chrono Boost)  
  15  0:37  Probe (Chrono Boost)  
  15  0:39  Gateway  
  16  0:48  Probe (Chrono Boost)  
  17  0:53  Assimilator  
  17  0:58  Probe (Chrono Boost)  
  17  1:02  Pylon  
  18  1:09  Probe (Chrono Boost)  
  19  1:32  Cybernetics Core  
  19  1:43  Nexus  
  19  1:49  Probe (Chrono Boost)  
  19  1:53  Assimilator  
  20  1:59  Probe (Chrono Boost)  
  22  2:15  Probe (Chrono Boost)  
  22  2:21  Forge  
  22  2:25  Stargate  
  22  2:27  Probe (Chrono Boost)  
  23  2:31  Warp Gate (Chrono Boost)  
  23  2:38  Probe (Chrono Boost)  
  24  2:49  Mothership Core (Chrono Boost)  
  26  2:57  Photon Cannon  
  26  3:00  Probe (Chrono Boost)  
  27  3:07  Probe (Chrono Boost)  
  27  3:10  Probe (Chrono Boost)  
  27  3:11  Phoenix (Chrono Boost)  
  31  3:18  Adept  
  33  3:21  Probe  
  34  3:33  Robotics Facility  
  29  4:10  Probe x2  
  29  4:13  Oracle  
  31  4:21  Observer  
  31  4:22  Probe x2  
  37  4:34  Probe x2  
  35  4:43  Observer  
  36  4:46  Probe x2  
  38  4:57  Phoenix  
  38  4:58  Probe x2  
  38  5:07  Pylon  
  40  5:09  Immortal  
  40  5:10  Probe  
  40  5:11  Probe  
  46  5:19  Gateway  
  46  5:25  Probe x2  
  46  5:26  Gateway  
  48  5:29  Pylon  
  48  5:31  Gateway  
  48  5:36  Photon Cannon  
  48  5:37  Probe x2 (Chrono Boost)  
  50  5:48  Probe x2 (Chrono Boost)  
  54  5:58  Probe x2 (Chrono Boost)  
  54  6:00  Oracle  
  54  6:03  Protoss Ground Armor Level 1  
  57  6:09  Probe x2 (Chrono Boost)  
  59  6:16  Pylon  
  59  6:17  Pylon  
  59  6:19  Probe (Chrono Boost)  
  59  6:20  Probe (Chrono Boost)  
  61  6:30  Probe (Chrono Boost)  
  61  6:32  Pylon  
  62  6:33  Assimilator  
  62  6:34  Probe (Chrono Boost)  
  62  6:36  Assimilator  
  63  6:40  Probe (Chrono Boost), Adept  
  63  6:41  Adept x3  
  63  6:44  Immortal  
  63  6:45  Probe (Chrono Boost)  
  74  7:08  Stalker x4  
  80  7:18  Probe x2 (Chrono Boost)  
  82  7:28  Probe (Chrono Boost), Warp Prism  
  85  7:36  Pylon  
  85  7:37  Pylon  
  77  7:59  Stalker x4  
  85  8:12  Phoenix  
  84  8:29  Adept  
  84  8:30  Adept x3  
  88  8:56  Adept x3  
  88  8:57  Adept  
  62  9:21  Gateway  
  62  9:22  Adept x4  
  62  9:23  Gateway  
  70  9:25  Gateway  
  70  9:27  Warp Prism  
  72  9:50  Oracle  
  75  9:53  Adept x2  
  75  9:54  Adept x2  
  75  9:58  Twilight Council  
  83  10:00  Gateway  
  83  10:04  Observer (Chrono Boost)  
  84  10:14  Mothership Core  
  84  10:17  Adept  
  84  10:18  Adept x3  
  94  10:25  Immortal (Chrono Boost)  
  98  10:34  Adept  
  98  10:35  Adept  
  86  10:48  Adept x2  
  86  10:49  Adept x2  
  80  10:53  Adept  
  68  11:04  Stalker x2  
Show
View Real Time Build Order
Export as new Build Order

CrimsonLotus Terran - Winner!

Build Orders: 1/1/1, MMM Bio 

Get SALT Encoding   

  12  0:02  SCV  
  14  0:14  SCV  
  14  0:18  Supply Depot  
  14  0:26  SCV  
  15  0:28  Refinery  
  15  0:40  SCV  
  16  0:46  Barracks  
  16  0:52  SCV  
  17  1:06  SCV  
  18  1:18  SCV  
  19  1:32  Orbital Command  
  19  1:34  Factory, Marine  
  19  1:39  Supply Depot  
  20  1:52  Marine  
  21  1:59  SCV  
  22  2:10  Marine  
  22  2:12  SCV  
  24  2:19  Widow Mine  
  24  2:20  Starport  
  26  2:25  SCV  
  26  2:26  Supply Depot  
  26  2:28  Marine  
  28  2:38  SCV  
  29  2:44  Command Center  
  29  2:45  Marine  
  29  2:48  Widow Mine  
  32  2:54  Refinery  
  32  3:00  SCV  
  32  3:03  Medivac  
  35  3:07  Marine  
  36  3:17  Widow Mine  
  38  3:25  Barracks  
  38  3:26  SCV  
  39  3:31  Barracks  
  39  3:47  Barracks Tech Lab  
  39  3:51  Factory Tech Lab  
  39  3:55  Medivac  
  39  3:56  SCV  
  37  4:08  Stimpack  
  34  4:13  SCV  
  35  4:17  Barracks Reactor  
  35  4:27  SCV  
  36  4:40  Combat Shields  
  36  4:41  Starport Reactor  
  36  4:44  SCV  
  35  4:59  Marine  
  31  5:00  Marine  
  31  5:01  Orbital Command  
  31  5:03  SCV  
  31  5:06  Engineering Bay  
  36  5:07  Marine x2  
  36  5:08  Widow Mine  
  38  5:19  Viking x2  
  42  5:22  Marine x2  
  42  5:25  Marine x2  
  48  5:28  SCV x2  
  48  5:30  Barracks x2  
  48  5:33  Supply Depot  
  48  5:35  Supply Depot  
  48  5:42  Marine  
  48  5:43  Marine x2  
  48  5:44  Marine  
  48  5:49  SCV  
  53  5:50  SCV  
  53  5:54  Terran Infantry Weapons Level 1  
  53  5:56  Engineering Bay  
  54  6:00  Concussive Shells  
  54  6:01  SCV  
  54  6:04  Marine x2  
  55  6:05  Marauder  
  59  6:19  Barracks Reactor, Barracks Tech Lab  
  59  6:25  SCV x2  
  61  6:27  Terran Infantry Armor Level 1  
  61  6:30  Supply Depot  
  61  6:32  Marine x2  
  64  6:34  Marauder x2  
  64  6:37  SCV x2, Supply Depot  
  69  6:49  SCV  
  70  7:07  Marine x3, Medivac x2  
  78  7:08  Marine, Marauder  
  78  7:11  Marine, Marauder  
  78  7:12  SCV x2  
  78  7:14  Refinery  
  78  7:15  Supply Depot, Refinery  
  84  7:24  SCV  
  83  7:31  SCV  
  83  7:33  Supply Depot  
  83  7:36  SCV  
  85  7:37  Medivac  
  87  7:46  Marine x2  
  87  7:47  Marine x2  
  87  7:48  Marauder  
  87  7:51  Supply Depot x2  
  93  7:52  Supply Depot  
  93  7:55  Marauder x2  
  93  7:56  Supply Depot x2  
  93  7:57  Supply Depot  
  97  8:14  Medivac x2  
  97  8:15  Marine x4  
  97  8:29  Marine x3  
  97  8:32  Marine x2  
  97  8:33  Marine x2  
  104  8:42  Armory  
  104  8:46  Marine  
  104  8:47  Marine x2  
  105  8:50  Marine x3  
  108  8:58  Marine  
  96  9:04  Marine  
  96  9:05  Marauder x2  
  96  9:08  Marine x2, Medivac x2  
  97  9:14  Marine  
  97  9:16  Marine  
  88  9:23  Marauder  
  83  9:26  Marauder, Marine x2  
  83  9:27  Supply Depot  
  83  9:28  Marine  
  88  9:32  Marine  
  88  9:34  Marine  
  88  9:44  Marauder x2, Marine  
  92  9:46  Marine  
  92  9:52  Marauder  
  95  9:53  Marine  
  96  10:05  Command Center  
  96  10:11  Marine  
  96  10:12  Supply Depot x2, Marine  
  98  10:17  Marine x2  
  102  10:21  Marauder  
  102  10:25  Marauder  
  104  10:31  Marauder  
  92  10:43  Marine x4  
  92  10:44  Marauder  
  92  10:49  Marine  
  89  10:51  Marine  
  82  11:02  Marine x4  
  82  11:04  SCV  
Tags
 
Add a new tag
Caveats
  • Supply blocks, unpowered buildings, or Contaminate may cause inaccurate times.
  • Supply counts are checked every 10 seconds.